 Dungeon Crawl Stone Soup version 0.23.0-33-g5e6c059 (webtiles) character file.

Game seed: 15033571687044159897

12434 DarkinPup the Carver (level 11, -3/89 HPs)
             Began as a Demonspawn Berserker on Feb 27, 2019.
             Was a High Priest of Trog.
             Slain by a ten-headed hydra (4 damage)
             ... on level 11 of the Dungeon.
             The game lasted 00:26:11 (10916 turns).

DarkinPup the Carver (Demonspawn Berserker)        Turns: 10916, Time: 00:26:12

Health: -3/89      AC: 15    Str: 19    XL:     11   Next: 62%
Magic:  0/11       EV: 15    Int:  9    God:    Trog [*****.]
Gold:   390        SH:  0    Dex: 14    Spells: 10/10 levels left

rFire    + . .     SeeInvis .   v - +0 scimitar
rCold    . . .     Gourm    .   (no shield)
rNeg     + . .     Faith    .   r - +5 ring mail {rPois}
rPois    +         Spirit   +   (no helmet)
rElec    .         Reflect  .   g - +0 cloak
rCorr    .         Harm     .   (no gloves)
MR       .....                  (no boots)
Stlth    +.........             (no amulet)
HPRegen  0.24/turn              u - ring of protection from fire
MPRegen  0.24/turn              t - ring of positive energy

@: invisible
A: talons 1, slimy green scales 1, demonic guardian 1, magic shield, magic
regeneration
a: Berserk, Trog's Hand, Brothers in Arms, Renounce Religion


You were on level 11 of the Dungeon.
You worshipped Trog.
Trog was extremely pleased with you.
You were hungry.

You visited 1 branch of the dungeon, and saw 13 of its levels.

You collected 636 gold pieces.
You spent 246 gold pieces at shops.

Inventory:

Hand Weapons
 a - a cursed +3 great sword of freezing
 v - a +0 scimitar (weapon)
Armour
 g - a +0 cloak (worn)
 r - a +5 ring mail of poison resistance (worn)
 D - +0 acid dragon scales
 E - +0 steam dragon scales
Jewellery
 d - an uncursed ring of resist corrosion
 q - an uncursed ring of stealth
 t - a ring of positive energy (right hand)
 u - a ring of protection from fire (left hand)
Wands
 s - a wand of acid (7)
 x - a wand of disintegration (6)
 y - a wand of flame (31)
 A - a wand of iceblast (13)
 G - a wand of clouds (6)
Scrolls
 h - 4 scrolls of remove curse
 j - 2 scrolls of fog
 k - 8 scrolls of teleportation
 p - a scroll of immolation
 w - 4 scrolls of magic mapping
 z - 2 scrolls of enchant weapon
 B - 2 scrolls of identify
Potions
 b - a potion of lignification
 i - 3 potions of might
 l - a potion of brilliance
 m - a potion of flight
 o - 2 potions of agility
 F - a potion of curing
 H - a potion of haste
Comestibles
 c - 19 rations


   Skills:
 + Level 9.0 Fighting
 * Level 11.2 Long Blades
 + Level 7.9 Armour
 + Level 8.0 Dodging


You had 10 spell levels left.
You didn't know any spells.
Your spell library was empty.

Dungeon Overview and Level Annotations

Branches:
Dungeon (13/15)            Temple (0/1) D:5            Lair (0/6) D:10
    Orc (0/2) D:9
 Vaults: D:13-14

Altars:
Ashenzari
Dithmenos
Fedhas
Gozag
Kikubaaqudgha
Nemelex Xobeh
Okawaru
Ru
Trog
Uskayaw
The Shining One

Shops:
D:4 *   D:7 [[?

Annotations:
D:8 2 transporters, Steadysplat's ghost, novice FoFi
D:13 Nessos


Innate Abilities, Weirdness & Mutations

You have sharp toenails.
You are partially covered in slimy green scales. (AC +2)
A weak demonic guardian rushes to your aid.
When hurt, damage is shared between your health and your magic reserves.
You regenerate magic rapidly.


Message History

You feel much better. The ten-headed hydra bites you.
* * * LOW HITPOINT WARNING * * *
The ten-headed hydra bites you but does no damage. x2
The ten-headed hydra bites you.
* * * LOW HITPOINT WARNING * * *
The ten-headed hydra bites you but does no damage.
The ten-headed hydra misses you. The ten-headed hydra bites you.
* * * LOW HITPOINT WARNING * * *
The ten-headed hydra barely misses you. x2; The ten-headed hydra bites you!
* * * LOW HITPOINT WARNING * * *
Your shadow imp hits the ten-headed hydra.
You fade into invisibility!
The ten-headed hydra barely misses you.
The ten-headed hydra closely misses you.
The ten-headed hydra barely misses you. x3; The ten-headed hydra bites you.
* * * LOW HITPOINT WARNING * * *
The ten-headed hydra barely misses you.
The ten-headed hydra bites you but does no damage.
The ten-headed hydra bites you.
You die...

...#........................#
...#.#########...####.......#####
...#.# ##..# #...........# ####.#
#..# #...........# .....# #..#
#...........# .....# #..#
#...........# ###.## ##.#
######......# #.#
#D#########......# #.#
####@5...............
#.#########.############......#
#...........# #......#
###########.# #......#
#############.# #......#
..............# #......#
############### ########


You could see a ten-headed hydra and a friendly shadow imp.

Vanquished Creatures
  Rupert (D:13)
  Pikel (D:9)
  Maurice (D:9)
  A queen bee (D:10)
  Prince Ribbit (D:6)
  2 hippogriffs
  7 yaks
  A wraith (D:9)
  Grum (D:11)
  3 hungry ghosts
  A steam dragon (D:11)
  An acid dragon (D:13)
  Edmund (D:6)
  2 porcupines (D:10)
  4 orc warriors
  2 ice beasts
  2 sky beasts (D:7)
  3 black bears (D:10)
  An eye of draining (D:5)
  3 centaurs (D:11)
  3 ogres
  2 phantoms
  3 wolves (D:11)
  A crocodile (D:13)
  11 bullfrogs
  A big kobold (D:13)
  5 scorpions
  A water moccasin skeleton (D:8)
  14 killer bees
  8 wights
  6 crimson imps
  A centaur zombie (D:10)
  A quasit (D:3)
  2 jellies (D:8)
  7 orc priests
  3 bullfrog skeletons
  A centaur skeleton (D:8)
  3 hounds
  9 orc wizards
  Crazy Yiuf (D:7)
  Ijyb (D:5)
  Terence (D:2)
  An iguana (D:5)
  8 worker ants
  A killer bee zombie (D:10)
  2 hound zombies
  2 howler monkey zombies
  3 worker ant zombies
  2 hound skeletons
  16 adders
  3 shadow imps
  3 oozes
  3 adder skeletons
  2 worms
  A dart slug (D:1)
  6 leopard geckos
  24 orcs
  A ball python (D:1)
  7 bats
  7 giant cockroaches
  8 goblins
  8 hobgoblins
  4 jackals
  8 quokkas
  5 frilled lizards
  A jackal skeleton (D:5)
  10 kobolds
  A quokka skeleton (D:4)
  A quokka zombie (D:9)
  12 rats
  2 fungi (D:7)
276 creatures vanquished.

Vanquished Creatures (collateral kills)
  A two-headed ogre (D:8)
  2 trolls (D:11)
  A hungry ghost (D:9)
  2 sky beasts
  An eye of draining (D:5)
  An ogre (D:7)
  A bullfrog (D:7)
  A crimson imp (D:13)
  2 orc wizards
  An adder (D:6)
  2 goblins
  2 jackals (D:3)
  A kobold (D:5)
18 creatures vanquished.

Vanquished Creatures (others)
  A slave (D:9)
  A centaur (D:9)
  2 howler monkeys (D:9)
  A crimson imp (D:9)
  5 fungi (D:10)
10 creatures vanquished.

Grand Total: 304 creatures vanquished

Notes
Turn   | Place    | Note
-------+----------+-------------------------------------------
     0 | D:1      | DarkinPup the Demonspawn Berserker began the quest for the
                  | Orb.
     0 | D:1      | Reached XP level 1. HP: 18/18 MP: 1/1
   278 | D:1      | Gained mutation: When hurt, damage is shared between your
                  | health and your magic reserves. [demonic ancestry]
   278 | D:1      | Reached XP level 2. HP: 22/24 MP: 2/2
   407 | D:1      | Reached skill level 3 in Long Blades
   513 | D:1      | Reached ** piety under Trog
   677 | D:1      | Gained mutation: A weak demonic guardian rushes to your
                  | aid. [demonic ancestry]
   677 | D:1      | Reached XP level 3. HP: 25/29 MP: 1/3
  1212 | D:2      | Found a blossoming altar of Fedhas.
  1341 | D:2      | Reached XP level 4. HP: 7/35 MP: 1/4
  1595 | D:2      | Noticed Terence
  1611 | D:2      | Killed Terence
  1638 | D:2      | Found a hide-covered altar of Uskayaw.
  1861 | D:2      | You fall through a shaft for 2 floors!
  1899 | D:3      | Gained mutation: You are partially covered in slimy green
                  | scales. (AC +2) [demonic ancestry]
  1899 | D:3      | Reached XP level 5. HP: 42/42 MP: 3/5
  1913 | D:3      | Reached skill level 4 in Long Blades
  2075 | D:3      | Found a sacrificial altar of Ru.
  2108 | D:3      | Reached *** piety under Trog
  2356 | D:3      | Found a faded altar of an unknown god.
  3070 | D:4      | Gained mutation: You have sharp toenails. [demonic
                  | ancestry]
  3070 | D:4      | Reached XP level 6. HP: 48/48 MP: 6/6
  3288 | D:4      | Found Bynesk's General Store.
  3324 | D:4      | Found an ancient bone altar of Kikubaaqudgha.
  3379 | D:4      | Found a shattered altar of Ashenzari.
  3645 | D:5      | Entered Level 5 of the Dungeon
  3654 | D:5      | Found a staircase to the Ecumenical Temple.
  3780 | D:5      | Found a bloodstained altar of Trog.
  3804 | D:5      | Reached skill level 5 in Long Blades
  3804 | D:5      | Reached XP level 7. HP: 50/55 MP: 0/7
  4223 | D:5      | Noticed Ijyb
  4233 | D:5      | Killed Ijyb
  4293 | D:5      | Reached **** piety under Trog
  4429 | D:6      | Noticed Prince Ribbit
  4442 | D:6      | Killed Prince Ribbit
  4442 | D:6      | Reached skill level 5 in Fighting
  4482 | D:6      | Found a shadowy altar of Dithmenos.
  4557 | D:6      | Reached skill level 6 in Long Blades
  4658 | D:6      | Gained mutation: You regenerate magic rapidly. [demonic
                  | ancestry]
  4658 | D:6      | Reached XP level 8. HP: 57/62 MP: 6/8
  4883 | D:6      | Found a glowing golden altar of the Shining One.
  5138 | D:6      | Noticed Edmund
  5158 | D:6      | Killed Edmund
  5363 | D:7      | Found Paom Epu's Antique Armour Emporium.
  5380 | D:7      | Reached skill level 7 in Long Blades
  5449 | D:7      | Reached skill level 5 in Armour
  5449 | D:7      | Reached skill level 5 in Dodging
  5461 | D:7      | Found Cuera's Antique Armour Shop.
  5515 | D:7      | Reached XP level 9. HP: 61/69 MP: 9/9
  5687 | D:7      | Found Fuatsol's Magic Scroll Shoppe.
  5690 | D:7      | Bought a scroll of enchant armour for 97 gold pieces
  5690 | D:7      | Bought a scroll of remove curse for 39 gold pieces
  5690 | D:7      | Bought a scroll of identify for 26 gold pieces
  5690 | D:7      | Bought a scroll of magic mapping for 45 gold pieces
  5690 | D:7      | Bought a scroll of teleportation for 39 gold pieces
  5758 | D:7      | Found a sparkling altar of Nemelex Xobeh.
  5759 | D:7      | Found an opulent altar of Gozag.
  5901 | D:7      | Found a runed translucent door.
  5902 | D:7      | Noticed Crazy Yiuf
  5910 | D:7      | Killed Crazy Yiuf
  5992 | D:8      | Noticed a two-headed ogre
  6200 | D:8      | Killed a two-headed ogre
  6200 | D:8      | Reached skill level 8 in Long Blades
  6501 | D:8      | Found an iron altar of Okawaru.
  6521 | D:8      | Reached ***** piety under Trog
  6714 | D:8      | Found a transporter.
  6719 | D:8      | Noticed Steadysplat's ghost (novice FoFi)
  6729 | D:8      | Identified the +11 dire flail "Iveguec" {crush, rPois}
  6729 | D:8      | Noticed a two-headed ogre
  6730 | D:8      | Found a transporter.
  6986 | D:8      | Found a shadowy altar of Dithmenos.
  7158 | D:9      | Found a staircase to the Orcish Mines.
  7227 | D:9      | Noticed Pikel
  7238 | D:9      | Killed Pikel
  7238 | D:9      | Reached skill level 9 in Long Blades
  7238 | D:9      | Reached XP level 10. HP: 79/79 MP: 10/10
  7266 | D:9      | Noticed Maurice
  7352 | D:9      | Killed Maurice
  7834 | D:10     | Entered Level 10 of the Dungeon
  7839 | D:10     | You fall through a shaft for 3 floors!
  7891 | D:13     | Received a gift from Trog
  7985 | D:13     | Noticed Nessos
  8013 | D:13     | Noticed a seven-headed hydra
  8041 | D:13     | Reached skill level 10 in Long Blades
  8126 | D:13     | Noticed Rupert
  8147 | D:13     | Killed Rupert
  8147 | D:13     | Reached XP level 11. HP: 38/87 MP: 5/11
  8607 | D:10     | Found a staircase to the Lair.
 10171 | D:11     | Reached skill level 11 in Long Blades
 10524 | D:11     | Noticed Grum
 10533 | D:11     | Killed Grum
 10914 | D:11     | HP: 4/89 [ten-headed hydra (13)]
 10916 | D:11     | HP: 1/89 [ten-headed hydra (2)]
 10916 | D:11     | Slain by a ten-headed hydra

Skill      XL: |  1  2  3  4  5  6  7  8  9 10 11 |
---------------+----------------------------------+-----
Dodging        | 2 3 4 5 6 7 8 |  8.0
Long Blades    | 3 4 5 6 7 9 10 11 | 11.2
Armour         | 2 3 4 5 6 7 |  7.9
Fighting       | 4 5 6 7 8 9 |  9.0

Action                   |  1- 3 |  4- 6 |  7- 9 | 10-12 || total
-------------------------+-------+-------+-------+-------++-------
Melee: Falchion          |   123 |   263 |   334 |       ||   720
       Kick              |       |    24 |   138 |   195 ||   357
       Scimitar          |       |       |    55 |   467 ||   522
Invok: Berserk           |       |     1 |     2 |     2 ||     5
  Use: Potion            |     1 |       |       |     7 ||     8
       Scroll            |       |       |    12 |     8 ||    20
 Stab: Paralysed         |       |     2 |       |       ||     2
       Sleeping          |       |     2 |     3 |       ||     5
       Distracted        |       |       |     2 |     6 ||     8
  Eat: Chunk             |     2 |     9 |    12 |     7 ||    30
       Ration            |       |       |     1 |     3 ||     4
Armor: Ring mail         |    42 |    11 |   148 |   212 ||   413
       Plate armour      |       |   239 |       |       ||   239
Dodge: Dodged            |    72 |   113 |   213 |   466 ||   864
       Rpst.: Falchion   |    22 |    41 |    47 |       ||   110
       Scimitar          |       |       |    12 |   121 ||   133
